 Dungeon Crawl Stone Soup version 0.32-a0-711-g016ad743e0 (webtiles) character file.

Game seed: 16211039434599225366

150691 inmateoo the Severer (level 17, -10/137 HPs)
             Began as a Coglin Berserker on Mar 15, 2024.
             Was the Champion of Trog.
             Killed from afar by an eleionoma (32 damage)
             ... with a spray of wooden splinters
             ... on level 3 of the Swamp.
             The game lasted 00:36:05 (26414 turns).

inmateoo the Severer (Coglin Berserker)            Turns: 26414, Time: 00:36:06

Health: -10/137    AC: 23    Str: 22    XL:     17   Next: 54%
Magic:  2/17       EV: 11    Int:  8    God:    Trog [******]
Gold:   1321       SH:  0    Dex: 16    Spells: 16/16 levels left

rFire   + . .        D - +0 broad axe (vamp) {Qing}
rCold   + . .        N - +4 broad axe (heavy) {Fernanda}
rNeg    + + .        O - +1 plate armour of Complete Protection {rN+}
rPois   +            P - -2 hat of the Alchemist {rElec rPois rF+ rC+ rN+ Will+ rMut rCorr}
rElec   +            F - +1 cloak {rPois}
rCorr   +            f - +3 Mad Mage's Maulers {Infuse+∞ VampMP -Cast}
SInv    .            C - +2 pair of boots
Will    +++..        (amulet unavailable) Stlth
                     (ring unavailable)
HPRegen 1.22/turn    (ring unavailable)
MPRegen 0.55/turn    L - pneumatic booster {rElec Will+ Regen+ RegenMP+}

%: no spellcasting, resist mutation, infuse magic (2 MP)
@: marked, corroded, revved
A: off-hand wielding, slow wielding, warmup strikes, no jewellery
a: Renounce Religion, Berserk, Trog's Hand, Brothers in Arms


You were on level 3 of the Swamp.
You worshipped Trog.
Trog was exalted by your worship.
You visited 4 branches of the dungeon, and saw 25 of its levels.
You also visited: Sewer and Volcano.

You collected 2607 gold pieces.
You spent 1286 gold pieces at shops.

Inventory:

Hand Weapons
 D - a +0 vampiric broad axe (weapon) {Qing}
 N - a +4 heavy broad axe (offhand) {Fernanda}
Missiles
 i - 29 boomerangs
 j - 3 silver javelins (quivered)
 E - 2 throwing nets
Armour
 f - the +3 Mad Mage's Maulers (worn) {Infuse+∞ VampMP -Cast}
   (You acquired it on level 4 of the Dungeon)

   Infuse+∞: It empowers its wearer's blows with all of their magic.
   VampMP:    Blows struck in melee replenish the wearer's magic.
   -Cast:     It prevents spellcasting.
 C - a +2 pair of boots (worn)
 F - a +1 cloak of poison resistance (worn)
 O - the +1 plate armour of Complete Protection (worn) {rN+}
   (You found it on level 13 of the Dungeon)

   rN+:       It protects you from negative energy.
 P - the -2 hat of the Alchemist (worn) {rElec rPois rF+ rC+ rN+ Will+ rMut rCorr}
   (You bought it in a shop on level 13 of the Dungeon)

   rF+:       It protects you from fire.
   rC+:       It protects you from cold.
   rElec:     It insulates you from electricity.
   rPois:     It protects you from poison.
   rN+:       It protects you from negative energy.
   Will+:     It increases your willpower.
   rCorr:     It protects you from acid and corrosion.
   rMut:      It protects you from mutation.
Gizmo
 L - a pneumatic booster (installed) {rElec Will+ Regen+ RegenMP+}
   (You invented it yourself on level 4 of the Lair of Beasts)

   [pneumatic booster]

   rElec:     It insulates you from electricity.
   Will+:     It increases your willpower.
   Regen+:    It increases your rate of health regeneration.
   RegenMP+:  It increases your rate of magic regeneration.
Wands
 e - a wand of digging (4)
 l - a wand of flame (68)
 o - a wand of iceblast (8)
 v - a wand of mindburst (18)
 w - a wand of paralysis (49)
 y - a wand of polymorph (13)
Scrolls
 a - a scroll of brand weapon
 b - 3 scrolls of fog
 d - 10 scrolls of amnesia
 q - 10 scrolls of identify
 t - a scroll of blinking
 u - 5 scrolls of immolation
 B - 7 scrolls of teleportation
 G - 4 scrolls of poison
 H - 3 scrolls of enchant armour
 M - 2 scrolls of revelation
 Q - a scroll of enchant weapon {unknown}
 R - a scroll of vulnerability {unknown}
Potions
 c - a potion of experience
 g - 6 potions of attraction
 h - 7 potions of heal wounds
 k - 7 potions of haste
 m - 2 potions of invisibility
 n - 18 potions of curing
 p - 5 potions of lignification
 r - 4 potions of mutation
 s - 11 potions of might
 x - 3 potions of brilliance
 z - a potion of magic
 A - 5 potions of ambrosia
 I - 2 potions of enlightenment
 J - 4 potions of resistance
 K - 2 potions of berserk rage
 S - a potion of cancellation


   Skills:
 + Level 13.6 Fighting
 * Level 18.5 Axes
 + Level 12.4 Armour
 + Level 12.0 Dodging
 + Level 15.8 Evocations


You had 16 spell levels left.
You didn't know any spells.
Your spell library was empty.

Dungeon Overview and Level Annotations

Branches:
Dungeon (15/15)            Temple (0/1) D:4            Lair (5/5) D:9
  Swamp (3/4) Lair:3        Snake (0/4) Lair:2        Slime (0/5) Lair:4
    Orc (2/2) D:11            Elf (0/3) Orc:2        Vaults (0/5) D:13
 Depths (0/4) D:15          Sewer (visited)         Volcano (visited)

Altars:
Ashenzari
Cheibriados
Dithmenos
Elyvilon
Fedhas
Kikubaaqudgha
Okawaru
Ru
Uskayaw
Zin
The Shining One
Beogh
Jiyva

Shops:
D:4 ?   D:11 [   D:13 *?*   Orc:2 [![:

Annotations:
Lair:3 exclusion: 4 oklob plants


Innate Abilities, Weirdness & Mutations

You can wield a second weapon in your off-hand.
It takes a long time for you to wield or remove held weapons.
Your first few attacks do less damage.
You cannot equip rings or amulets.


Message History

The spriggan druid hits you but does no damage.
The swamp worm misses you.
You hit the swamp worm but do no damage.
The swamp worm is almost dead.
You hit the spriggan druid with your +0 vampiric broad axe.
You hit the eleionoma but do no damage.
You slice the swamp worm with your +4 heavy broad axe!!
You kill the swamp worm!
Trog accepts your kill.
You slash the eleionoma with your +4 heavy broad axe!
You slash the spriggan druid with your +4 heavy broad axe!
A root smacks you from below! The goliath frog misses you.
A spriggan druid comes into view. It is wielding a +0 quarterstaff.
The eleionoma barely misses you. The spriggan druid closely misses you.
You slice the spriggan druid with your +4 heavy broad axe!!
With its final breath, the spriggan druid offers up its power to the beasts of the wild!
The goliath frog seems to grow more fierce.
You kill the spriggan druid!
Trog accepts your kill.
Trog appreciates your killing of a magic user.
The forest abruptly stops moving.
You slice the eleionoma with your +4 heavy broad axe!!
You open the eleionoma like a pillowcase with your +4 heavy broad axe!!!
You closely miss the eleionoma with your +0 vampiric broad axe.
You hit the eleionoma with your +0 vampiric broad axe.
The goliath frog hits you from afar.
You are splashed with acid.
You resist.
An alligator comes into view.
The eleionoma misses you. The goliath frog hits you from afar!!
* * * LOW HITPOINT WARNING * * *
You are splashed with acid.
You resist.
* * * LOW HITPOINT WARNING * * *
Blink to where?
Press: ? - help, Dir - move target Splash!
As you read the scroll of blinking, it crumbles to dust.
The eleionoma touches a tree and draws upon its vitality.
The eleionoma is healed.
The eleionoma flows through the trees.
The eleionoma hurls a spray of splinters at you.
The spray of wooden splinters hits you!!
You die...

.........♣ ♣~~§)~~~≈≈≈≈
~.~~~.~..♣♣ ♣♣♣.~~n≈≈≈≈≈
♣..~~.~~~~♣ ♣♣R~~≈l###
..~~~~~..♣ ♣.~~~≈≈+ ≈
~.~~~.~♣♣ ♣~~~~≈≈###≈≈
♣......♣♣♣♣.†.≈≈≈≈≈≈≈
♣~~.~~~♣♣♣...≈≈≈≈≈≈≈ ♣
♣♣.§~.~~♣♣~~~.≈≈###≈≈ ~♣
♣~..♣..~♣♣♣@R~≈≈# ~.♣♣
♣♣§.♣♣.§.♣♣♣♣.≈≈###≈≈ ~~.♣
♣~.(♣~.~.~~.(~≈≈≈≈≈≈
~~<♣♣♣♣~§♣~~~~~~~|.~.≈≈≈≈≈
~†<♣♣.~~~♣♣~.~~~~..♣§♣#♣♣♣
.†[§♣.~~~~♣♣..~..♣♣♣♣♣
~~†§.~~~~~.♣..~~~♣
~~~~~)~~~~~.~~~..♣
.~~~~~~~~~...~~...


You could see 2 eleionomae, an alligator (strong) and a bog body.

Vanquished Creatures
  Rupert (Lair:4)
  Mlioglotl (Swamp:1)
  Frances (Swamp:2)
  A thorn hunter (Swamp:2)
  A fenstrider witch (Swamp:1)
  2 orc warlords (Orc:2)
  8 eleionomae
  Nessos (Orc:2)
  5 bunyips
  Azrael (D:15)
  An ettin (Orc:2)
  A fire dragon (D:15)
  2 shambling mangroves (Swamp:2)
  12 hydras
  Harold (D:9)
  A ghost crab (Swamp:1)
  5 vault guards (D:13)
  Erica (D:8)
  2 boulder beetles
  3 centaur warriors
  A dancing weapon (Volcano)
  4 two-headed ogres
  13 death yaks
  6 alligators
  A tengu warrior (D:15)
  2 occultists (Volcano)
  Nergalle (D:10)
  4 orc high priests (Orc:2)
  5 spriggans
  3 skeletal warriors (D:15)
  A flayed ghost (D:15)
  3 goliath frogs (Swamp:1)
  4 spriggan druids
  A spark wasp zombie (D:15)
  A bog body (Swamp:1)
  4 orc knights
  3 swamp dragons (Swamp:2)
  Pikel (D:5)
  A deep elf pyromancer (D:13)
  A necromancer (D:15)
  A wolf spider (Lair:5)
  4 cyclopes
  4 manticores
  9 ugly things
  7 orc sorcerers
  3 will-o-the-wisps
  5 toenail golems (Volcano)
  4 kobold blastminers
  12 black mambas
  2 torpor snails
  A guardian serpent (Lair:5)
  12 elephants
  2 gargoyles
  13 cane toads
  The ghost of GrimJard the Chopper, a novice CoBe of Trog (D:5)
  4 rime drakes
  3 unseen horrors
  An efreet (D:15)
  An unseen horror (shapeshifter) (D:15)
  2 kobold demonologists (D:11)
  A tengu conjurer (D:14)
  5 komodo dragons
  Psyche (D:10)
  5 trolls
  A queen bee (Lair:3)
  10 dream sheep
  21 blink frogs
  11 hornets
  6 tyrant leeches
  3 slime creatures (D:15)
  Sigmund (D:2)
  20 wyverns
  A water elemental (D:12)
  A shadow (D:6)
  A centaur simulacrum (D:14)
  2 wraiths
  A fire bat (shapeshifter) (D:15)
  7 basilisks
  76 yaks
  Grum (D:9)
  12 humans
  4 steam dragons
  2 fire elementals (D:15)
  The ghost of zkyp the Chopper, an amateur CoGl (D:4)
  13 vampire mosquitoes
  3 redbacks (Lair:5)
  10 wargs
  10 swamp worms
  2 acid dragons (D:11)
  27 water moccasins
  4 hell hounds (D:15)
  50 orc warriors
  A swamp drake (Swamp:1)
  2 laughing skulls (D:14)
  10 wolves
  10 centaurs
  17 ogres
  3 phantoms
  10 kobold brigands
  10 bullfrogs
  A gnoll sergeant (D:5)
  5 wights
  41 killer bees
  3 electric eels (D:12)
  4 howler monkeys
  A hound (D:7)
  A bombardier beetle (D:7)
  33 orc priests
  3 gnoll boudas
  A jelly (D:7)
  2 iguanas
  3 sleepcaps
  Ijyb (D:5)
  21 orc wizards
  18 gnolls
  18 adders
  2 shadow imps
  5 white imps
  2 ufetubi (D:7)
  4 dart slugs
  113 orcs
  7 ball pythons
  4 bats
  10 endoplasms
  8 giant cockroaches
  7 goblins
  8 hobgoblins
  3 quokkas
  4 frilled lizards
  24 kobolds
  7 rats
942 creatures vanquished.

Vanquished Creatures (collateral kills)
  An elephant (Lair:4)
  A wyvern (Lair:3)
  2 orc warriors (Orc:2)
  An orc (Orc:2)
5 creatures vanquished.

Vanquished Creatures (others)
  A spriggan (Swamp:2)
  3 bloated husks
  A hornet (Swamp:2)
  A spriggan skeleton (D:15)
  A swamp worm (Swamp:1)
  A wolf (Lair:3)
  2 killer bees (Lair:3)
  An orc (Orc:2)
  24 foxfires
35 creatures vanquished.

Grand Total: 982 creatures vanquished

Notes
Turn   | Place    | Note
-------+----------+-------------------------------------------
     0 | D:1      | inmateoo the Coglin Berserker began the quest for the Orb.
     0 | D:1      | Reached XP level 1. HP: 18/18 MP: 1/1
   122 | D:1      | Reached XP level 2. HP: 24/24 MP: 2/2
   408 | D:1      | Reached XP level 3. HP: 29/29 MP: 3/3
   842 | D:2      | Reached ** piety under Trog
   903 | D:2      | Noticed Sigmund
   917 | D:2      | Killed Sigmund
   918 | D:2      | Reached skill level 4 in Axes
   918 | D:2      | Reached XP level 4. HP: 14/37 MP: 4/4
   918 | D:2      | Reached XP level 5. HP: 16/42 MP: 5/5
  1465 | D:2      | Reached XP level 6. HP: 45/48 MP: 6/6
  1936 | D:3      | Found a snail-covered altar of Cheibriados.
  2255 | D:3      | Found a faded altar of an unknown god.
  2339 | D:3      | Found a broken altar of Ashenzari.
  2344 | D:3      | Reached skill level 5 in Axes
  2676 | D:3      | Found an ancient bone altar of Kikubaaqudgha.
  2816 | D:3      | Identified a scroll of acquirement
  2816 | D:3      | Acquired the scarf of Makhleb's Supremacy {shadows, rPois
                  | Str+4}
  2852 | D:4      | Found a shadowy altar of Dithmenos.
  2945 | D:4      | Reached *** piety under Trog
  2957 | D:4      | Found a glowing drain.
  2965 | Sewer    | Entered a sewer
  3069 | Sewer    | Reached XP level 7. HP: 29/55 MP: 7/7
  3455 | D:4      | Found Etiuxt's Magic Scroll Emporium.
  3476 | D:4      | Bought a scroll of blinking for 97 gold pieces
  3572 | D:4      | Found a runed translucent door.
  3576 | D:4      | Noticed zkyp's ghost (amateur CoGl)
  3584 | D:4      | Acquired the +3 Mad Mage's Maulers {Infuse+∞ VampMP -Cast}
  3584 | D:4      | Found the +3 Mad Mage's Maulers {Infuse+∞ VampMP -Cast}
  3645 | D:4      | Found a staircase to the Ecumenical Temple.
  3648 | D:4      | Reached skill level 6 in Axes
  3807 | D:4      | Killed zkyp's ghost
  3808 | D:4      | Reached skill level 1 in Evocations
  3808 | D:4      | Reached XP level 8. HP: 51/61 MP: 1/8
  3812 | D:4      | Reached **** piety under Trog
  3874 | D:5      | Entered Level 5 of the Dungeon
  3874 | D:5      | Noticed Pikel
  3878 | D:5      | Killed Pikel
  3879 | D:5      | Reached skill level 5 in Fighting
  3887 | D:5      | Reached skill level 7 in Axes
  4284 | D:5      | Found a runed translucent door.
  4285 | D:5      | Noticed GrimJard's ghost (novice CoBe)
  4366 | D:5      | Noticed Ijyb
  4375 | D:5      | Reached XP level 9. HP: 58/68 MP: 1/9
  4377 | D:5      | Killed Ijyb
  4581 | D:5      | Found a blossoming altar of Fedhas.
  5013 | D:5      | Killed GrimJard's ghost
  5014 | D:5      | Reached skill level 8 in Axes
  5014 | D:5      | Reached skill level 5 in Armour
  5014 | D:5      | Reached skill level 5 in Dodging
  5417 | D:6      | Found a sacrificial altar of Ru.
  5661 | D:6      | Reached skill level 5 in Evocations
  6262 | D:6      | Found a glowing silver altar of Zin.
  6262 | D:6      | Noticed an angel
  6458 | D:7      | Reached XP level 10. HP: 72/77 MP: 4/10
  6464 | D:7      | Reached skill level 9 in Axes
  6516 | D:7      | Identified the +0 leather armour of Terror {rPois rC+ Str-3
                  | Int+3}
  6612 | D:7      | Reached ***** piety under Trog
  7564 | D:8      | Noticed Erica
  7577 | D:8      | HP: 3/79 [something (5)]
  7577 | D:8      | HP: 1/79 [something (2)]
  7578 | D:8      | Killed Erica
  7793 | D:8      | Found a glowing golden altar of the Shining One.
  7827 | D:8      | Reached skill level 10 in Axes
  7955 | D:8      | Reached XP level 11. HP: 68/84 MP: 2/11
  8668 | D:9      | Noticed Grum
  8680 | D:9      | Killed Grum
  9218 | D:9      | Noticed Harold
  9225 | D:9      | Killed Harold
  9358 | D:9      | Found a staircase to the Lair.
  9527 | D:10     | Entered Level 10 of the Dungeon
  9537 | D:10     | Noticed Nergalle
  9545 | D:10     | Reached skill level 11 in Axes
  9547 | D:10     | Killed Nergalle
  9791 | D:10     | Found a hide-covered altar of Uskayaw.
  9870 | D:10     | Noticed a manticore
  9880 | D:10     | Killed a manticore
 10337 | D:10     | Noticed a two-headed ogre
 10340 | D:10     | Killed a two-headed ogre
 10422 | D:10     | Noticed Psyche
 10436 | D:10     | Killed Psyche
 10865 | D:11     | Reached XP level 12. HP: 94/94 MP: 1/12
 11156 | D:11     | Found Otwotor's Antique Armour Boutique.
 11251 | D:11     | Reached skill level 12 in Axes
 11886 | D:11     | Found a staircase to the Orcish Mines.
 12158 | D:12     | Noticed a boulder beetle
 12178 | D:12     | Killed a boulder beetle
 12770 | D:12     | Reached skill level 10 in Evocations
 13003 | D:12     | Noticed a two-headed ogre
 13006 | D:12     | Killed a two-headed ogre
 13654 | Lair:1   | Entered Level 1 of the Lair of Beasts
 13799 | Lair:1   | Reached skill level 13 in Axes
 13801 | Lair:1   | Reached XP level 13. HP: 81/102 MP: 2/13
 14338 | Lair:1   | Reached ****** piety under Trog
 14630 | Lair:2   | Received a gift from Trog
 14656 | Lair:2   | Reached skill level 10 in Fighting
 14815 | Lair:2   | Identified the +0 robe of Elitism {Rampage +Blink rElec}
 14868 | Lair:2   | Found a staircase to the Snake Pit.
 16021 | Lair:3   | Reached skill level 14 in Axes
 16055 | Lair:3   | Received a gift from Trog
 16059 | Lair:3   | Reached XP level 14. HP: 111/111 MP: 0/14
 16351 | Lair:3   | Found a staircase to the Swamp.
 16816 | Lair:3   | Identified the +2 long sword of Chaos {freeze, ^Fragile
                  | rPois Str+2 Int+6}
 17275 | Lair:4   | Noticed Rupert
 17281 | Lair:4   | Killed Rupert
 17286 | Lair:4   | Reached skill level 15 in Axes
 17590 | Lair:4   | Reached skill level 10 in Armour
 17889 | Lair:4   | Acquired a pneumatic booster {rElec Will+ Regen+ RegenMP+}
 18207 | Lair:4   | Found a viscous altar of Jiyva.
 18208 | Lair:4   | Found a staircase to the Slime Pits.
 18467 | Lair:5   | Entered Level 5 of the Lair of Beasts
 18680 | Lair:5   | Reached skill level 10 in Dodging
 18773 | Lair:5   | Reached XP level 15. HP: 113/119 MP: 3/15
 18936 | Lair:5   | Received a gift from Trog
 19036 | Lair:5   | Found a dark tunnel.
 19086 | Volcano  | Entered a volcano
 19291 | Volcano  | Reached skill level 16 in Axes
 20145 | D:13     | Found Plog's General Store.
 20156 | D:13     | Bought the -2 hat of the Alchemist {rElec rPois rF+ rC+ rN+
                  | Will+ rMut rCorr} for 613 gold pieces
 20156 | D:13     | Found the -2 hat of the Alchemist {rElec rPois rF+ rC+ rN+
                  | Will+ rMut rCorr}
 20173 | D:13     | Bought 2 scrolls of teleportation for 78 gold pieces
 20173 | D:13     | Bought a scroll of identify for 26 gold pieces
 20215 | D:13     | Found Iricio's General Store.
 20222 | D:13     | Bought a scroll of identify for 28 gold pieces
 20222 | D:13     | Bought a potion of curing for 42 gold pieces
 20222 | D:13     | Bought a potion of curing for 42 gold pieces
 20268 | D:13     | Found Plog's Magic Scroll Shop.
 20367 | D:13     | Identified the +1 plate armour of Complete Protection {rN+}
 20394 | D:13     | Found a gate to the Vaults.
 20602 | D:14     | Received a gift from Trog
 20903 | D:14     | Found a roughly hewn altar of Beogh.
 21148 | D:15     | Entered Level 15 of the Dungeon
 21362 | D:15     | Reached XP level 16. HP: 128/128 MP: 3/16
 21664 | D:15     | Found a staircase to the Depths.
 21938 | D:15     | Received a gift from Trog
 22033 | D:15     | Reached skill level 17 in Axes
 22068 | D:15     | Noticed Azrael
 22078 | D:15     | Killed Azrael
 22167 | Orc:1    | Entered Level 1 of the Orcish Mines
 22409 | Orc:2    | Entered Level 2 of the Orcish Mines
 22464 | Orc:2    | Noticed Nessos
 22470 | Orc:2    | Killed Nessos
 22821 | Orc:2    | Found a staircase to the Elven Halls.
 23014 | Orc:2    | Received a gift from Trog
 23029 | Orc:2    | Found a roughly hewn altar of Beogh.
 23122 | Orc:2    | Found Gelyschiukk's Distillery.
 23135 | Orc:2    | Bought a potion of curing for 36 gold pieces
 23135 | Orc:2    | Bought a potion of curing for 36 gold pieces
 23135 | Orc:2    | Bought 2 potions of curing for 72 gold pieces
 23135 | Orc:2    | Bought a potion of curing for 36 gold pieces
 23135 | Orc:2    | Bought a potion of resistance for 120 gold pieces
 23135 | Orc:2    | Bought a potion of heal wounds for 60 gold pieces
 23158 | Orc:2    | Found Dusil's Antique Armour Boutique.
 23548 | Orc:2    | Found a roughly hewn altar of Beogh.
 23624 | Orc:2    | Found Retingeo's Book Boutique.
 23637 | Orc:2    | Found Rual's Armour Shop.
 23793 | Orc:1    | Found an iron altar of Okawaru.
 23803 | Orc:1    | Received a gift from Trog
 24190 | Swamp:1  | Entered Level 1 of the Swamp
 24241 | Swamp:1  | Reached skill level 15 in Evocations
 24257 | Swamp:1  | Noticed a fenstrider witch
 24266 | Swamp:1  | Noticed Mlioglotl
 24270 | Swamp:1  | Killed a fenstrider witch
 24335 | Swamp:1  | Killed Mlioglotl
 24643 | Swamp:1  | Found a white marble altar of Elyvilon.
 24696 | Swamp:1  | Reached XP level 17. HP: 124/137 MP: 4/17
 24873 | Swamp:2  | Reached skill level 18 in Axes
 25432 | Swamp:2  | Noticed Frances
 25442 | Swamp:2  | Killed Frances
 25751 | Swamp:2  | Identified the +2 war axe "Iddos Qich" {flame, Str+3 Dex+3}
                  | (Trog gifted it to you on level 2 of the Swamp)
 25751 | Swamp:2  | Received a gift from Trog
 26414 | Swamp:3  | Killed from afar by an eleionoma

Illustrated notes

Levels and vault maps discovered:
D:1:      psy_arrival_dodecagon, layout_loops_ring, minmay_octomino_j4
D:2:      layout_loops_ring, st_stairs_1, uniq_sigmund
D:3:      layout_loops_corners, mainiacjoe_overflow_alcove_4,
          cheibriados_altar_1, lemuel_tele_altar,
          nicolae_ecumenical_lake_church, minmay_bisected
D:4:      layout_cave_pools, mainiacjoe_overflow_alcove_1,
          minmay_temple_entry_glass, ebering_ghost_sewer_d, serial_shops,
          shop_statue, mainiacjoe_sewer_entry_somewhere_in_here_2
D:5:      layout_basic, fedhas_bush_and_centaur_altar,
          hellmonk_ghost_happy_afterlife, hangedman_abyss_or_decor_lesser_grid,
          uniq_ijyb, uniq_pikel
D:6:      minmay_chambers_of_fours, layout_cave_pools,
          nicolae_ru_sacrificial_ziggurat, zin_angel
D:7:      layout_basic, serial_glass, glass_columns_b, glass_columns_a
D:8:      layout_basic, tso_metal_star, uniq_erica
D:9:      layout_basic, lair_entry_dummy, uniq_harold, uniq_grum
D:10:     layout_loops_ring, eat_drink_and_be_merry_uskayaw, uniq_nergalle,
          uniq_psyche
D:11:     layout_small_grid, orc_0_dummy, serial_shops, shop, item_on_display_a
D:12:     layout_basic, serial_bayou, serial_bayou_pond_b,
          serial_bayou_lagoon_a, serial_bayou_pond_a, serial_bayou_pond_e
D:13:     layout_rooms, ximxim_vaults_locker_room, serial_shops, shop, shop,
          shop
D:14:     layout_roguey [special_room_orc], nicolae_twisty_statue_hallways
D:15:     gammafunk_depths_entry_grave, layout_small_grid,
          chequers_serial_rivers_small_b, serial_co_window_serial,
          co_window_paths_b, co_window_of_opportunity_a,
          co_window_of_opportunity_a, co_window_of_opportunity_a,
          co_window_of_opportunity_a, co_window_paths_b, co_window_corner_b,
          co_window_broadway_a, co_window_broadway_c, co_window_broadway_c,
          co_window_paths_d, glass_columns_b, glass_columns_a, glass_columns_a,
          glass_columns_b, glass_columns_b, uniq_azrael
Lair:1:   layout_regular_city, mumra_transporter_accident, beast_lair_carwin_2,
          lemuel_fruit_tree
Lair:2:   layout_small_grid, minmay_snake_entry_six_corridors
Lair:3:   hangedman_what_comes_after_a, layout_regular_city,
          minmay_swamp_entry_worms
Lair:4:   layout_regular_city, dpeg_slime_entry_corner, uniq_rupert
Lair:5:   hangedman_lair_tendril_chambers, layout_regular_city, enter_volcano_2,
          nicolae_quartered_pool_little, minivault_26, st_stairs_10
Swamp:1:  layout_basic_swamp, nicolae_swamp_godswood, uniq_mlioglotl
Swamp:2:  nicolae_swamp_wrong_neighborhood, layout_basic_swamp,
          evilmike_swamp_ruin_house_6, nicolae_swamp_decorative_isthmus,
          uniq_frances
Swamp:3:  layout_basic_swamp, evilmike_swamp_ruin_house_1, swamp_pool_4,
          water_boxes_lemuel
Orc:1:    layout_caves, okawaru_metal_pillars_3
Orc:2:    pubby_orc_utopia, uniq_nessos

Skill      XL: |  1  2  3  4  5  6  7  8  9 10 11 12 13 14 15 16 17 |
---------------+----------------------------------------------------+-----
Dodging        | 2 3 4 5 6 7 8 9 10 11 12 | 12.0
Armour         | 2 3 4 5 6 7 8 9 10 11 12 | 12.4
Axes           | 4 5 6 7 8 10 11 13 14 15 16 17 18 | 18.5
Fighting       | 4 5 6 7 8 9 10 11 12 13 | 13.6
Evocations     | 1 3 5 7 9 10 11 13 14 15 | 15.8

Action                     |  1- 3 |  4- 6 |  7- 9 | 10-12 | 13-15 | 16-18 || total
---------------------------+-------+-------+-------+-------+-------+-------++-------
  Melee: Hand axe          |    67 |    33 |       |       |       |       ||   100
         Dagger            |    58 |    60 |       |       |       |       ||   118
         War axe           |       |    77 |   158 |   341 |   447 |   175 ||  1198
         Short sword       |       |    39 |   143 |    61 |       |       ||   243
         Scimitar          |       |       |       |   251 |   330 |       ||   581
         Unarmed           |       |       |       |    12 |       |       ||    12
         Broad axe         |       |       |       |       |   120 |   586 ||   706
 Invoke: Berserk           |       |       |     1 |    10 |    10 |     3 ||    24
         Brothers in Arms  |       |       |       |     1 |     2 |     1 ||     4
         Trog's Hand       |       |       |       |     1 |     1 |     1 ||     3
Ability: Invent Gizmo      |       |       |       |       |     1 |       ||     1
    Use: Scroll            |       |     5 |     8 |    15 |     3 |     2 ||    33
         Potion            |       |       |       |     2 |       |       ||     2
   Stab: Distracted        |       |       |       |       |       |     1 ||     1
 Armour: Animal skin       |     2 |       |       |       |       |       ||     2
         Plate armour      |    75 |   108 |   203 |   481 |   640 |   587 ||  2094
         Skin              |       |       |       |     2 |       |       ||     2
         Ring mail         |       |       |       |       |    19 |       ||    19
  Dodge: Dodged            |    23 |    30 |    68 |   174 |   328 |   282 ||   905

Table legend: (Time is in decaauts)
 A = Elapsed time spent in this place.
 B = Non-inter-level travel time spent in this place.
 C = Inter-level travel time spent in this place.
 D = Time resting spent in this place.
 E = Time spent auto-exploring this place.
 F = Levels seen in this place.
 G = Mean time per level.
                   A        B        C        D        E       F      G
               +--------+--------+--------+--------+--------+-----+--------+
         Total |  26954 |  25803 |   1151 |   8145 |  12503 |  27 |  998.3 |
       Dungeon |  15744 |  15026 |    718 |   5192 |   7036 |  15 | 1049.6 |
          Lair |   6275 |   5986 |    289 |   1644 |   3229 |   5 | 1255.0 |
         Swamp |   2273 |   2213 |     60 |    946 |    801 |   3 |  757.7 |
  Orcish Mines |   1875 |   1793 |     82 |    249 |   1079 |   2 |  937.5 |
         Sewer |    518 |    518 |      0 |     90 |    281 |   1 |  518.0 |
       Volcano |    267 |    267 |      0 |     22 |     75 |   1 |  267.0 |
               +--------+--------+--------+--------+--------+-----+--------+

Top non-repeatable levels by time:
    D:12: 1613 daAuts
     D:8: 1554 daAuts
    D:11: 1542 daAuts
   Orc:2: 1422 daAuts
  Lair:4: 1392 daAuts
  Lair:2: 1379 daAuts
 Swamp:2: 1296 daAuts
  Lair:1: 1235 daAuts
     D:5: 1197 daAuts
     D:2: 1176 daAuts
  Lair:5: 1167 daAuts
     D:6: 1155 daAuts
  Lair:3: 1099 daAuts
     D:9: 1064 daAuts
    D:15: 987 daAuts
